AoeStats
← Schlenkerla23

Arabia

510723497Analyzed
3v3 RM · 17h ago on Oct 2, 2026· 25m 41s· 6 players
Game mode
Random Map
Map size
Normal (6 player)
Population
200
Speed
Normal
Resources
Standard
Victory
Conquest
Starting age
Dark Age
Ending age
Imperial Age
RankedLock teamsTeams togetherTeam positionsShared explorationLock speedFull tech treeHidden civsTurbo modeCheats
Victory
Defeat
🇪🇸 Georgians · Spain
1088
+15
🇩🇪 Saxons · Germany
1049
+16
🇬🇧 Franks · United Kingdom
1014
+18
🇳🇱 Portuguese · Netherlands
1110
-19
🇳🇱 Franks · Netherlands
1079
-17
988
-13
Schlenkerla23
7:41 Loom
10:00 Feudal Age
11:31 Double-Bit Axe
11:28 Horse Collar
14:55 Fletching
16:34 Horse Collar
iBenj
10:11 Feudal Age
10:53 Double-Bit Axe
14:00 Loom
17:46 Castle Age
19:21 Forging
MalSofrit
6:57 Loom
9:31 Feudal Age
10:28 Double-Bit Axe
20:53 Castle Age
19:33 Bloodlines
20:50 Fletching
21:01 Padded Archer Armor
21:00 Gold Mining
20:55 Horse Collar
21:46 Husbandry
21:42 Bodkin Arrow
22:25 Bow Saw
23:31 Heavy Plow
Stardenburdenhardenbart
0:25 Loom
11:36 Feudal Age
13:07 Double-Bit Axe
13:16 Horse Collar
JOHAN VLEMMIX
MINISTER VAN GAMES
2:37 Loom
9:41 Feudal Age
10:57 Wheelbarrow
10:40 Double-Bit Axe
12:01 Horse Collar
21:17 Castle Age
20:17 Bloodlines
20:10 Scale Mail Armor
20:19 Scale Barding Armor
20:26 Forging
20:31 Gold Mining
22:21 Chain Barding Armor
22:26 Husbandry
22:58 Heavy Plow
25:20 Iron Casting
Connection lost

Rejoining the realm…

Still unreachable

The connection could not be restored.

Session expired

The server has moved on; the page needs a fresh start.